 Dungeon Crawl Stone Soup version 0.30-a0-1075-gcd70e7a56d (webtiles) character file.

Game seed: 12433978086694253507

31 Pimp the Trooper (level 3, -6/29 HPs)
             Began as a Demonspawn Fighter on Apr 14, 2023.
             Killed from afar by Sigmund (10 damage)
             ... with a puff of flame
             ... on level 2 of the Dungeon.
             The game lasted 00:01:48 (1180 turns).

Pimp the Trooper (Demonspawn Fighter)               Turns: 1180, Time: 00:01:49

Health: -6/29      AC:  6    Str: 18    XL:     3   Next: 7%
Magic:  3/3        EV: 10    Int:  9    God:
Gold:   87         SH:  4    Dex: 12    Spells: 2/2 levels left

rFire   . . .      SeeInvis .    a - +0 war axe
rCold   . . .      Faith    .    c - +0 buckler
rNeg    . . .      Spirit   .    b - +0 scale mail
rPois   .          Reflect  .    (no helmet)
rElec   .          Rampage  .    (no cloak)
rCorr   .                        (no gloves)
Will    .....                    (no boots) Stlth
                                 (no amulet)
HPRegen 0.24/turn                (no ring)
MPRegen 0.08/turn                (no ring)

@: weak-willed
A: sturdy frame 1
a: no special abilities


You were on level 2 of the Dungeon.
You visited 1 branch of the dungeon, and saw 2 of its levels.

You collected 87 gold pieces.

Inventory:

Hand Weapons
 a - a +0 war axe (weapon)
Armour
 b - a +0 scale mail (worn)
 c - a +0 buckler (worn)
Potions
 d - 2 potions of might
 f - 3 potions of curing
 g - a potion of attraction {unknown}
 i - a potion of resistance {unknown}
 l - a potion of haste {unknown}


   Skills:
 + Level 3.3 Fighting
 + Level 2.1 Axes
 + Level 2.9 Armour
 + Level 0.7 Dodging
 + Level 3.0 Shields


You had 2 spell levels left.
You didn't know any spells.
Your spell library was empty.

Dungeon Overview and Level Annotations

Branches:
Dungeon (2/15)

Altars:

Annotations:
D:2 Sigmund


Innate Abilities, Weirdness & Mutations

Your movements are slightly less encumbered by armour. (ER -2)


Message History

You bump into the rock wall.
You feel less confused. Something hits you.
The giant cockroach barely misses you.
The giant cockroach attacks as you move away!
The giant cockroach barely misses you. Something hits you.
The giant cockroach attacks as you move away!
You block the giant cockroach's attack. The giant cockroach barely misses you.
There is an escape hatch in the floor here.
As you read the scroll labelled ZOEPAGG NESIA, it crumbles to dust.
Magic quickly surges around you.
It was a scroll of vulnerability.
Something hits you but does no damage.
The giant cockroach bites you but does no damage.
As you read the scroll labelled KOUJOLU QENN, it crumbles to dust.
It is a scroll of identify.
f - 3 potions of curing The giant cockroach bites you but does no damage.
You barely miss the giant cockroach. Something hits you.
The giant cockroach bites you but does no damage.
You block the giant cockroach's attack.
You closely miss the giant cockroach. Something hits you.
The giant cockroach bites you but does no damage. x2
You hit the giant cockroach.
The giant cockroach is heavily wounded.
Something hits you. The giant cockroach closely misses you.
You hit the giant cockroach but do no damage.
The giant cockroach is heavily wounded.
You block the giant cockroach's attack. Something hits you.
You block the giant cockroach's attack.
You hit the giant cockroach.
You kill the giant cockroach!
Something hits you!
Your Shields skill increases to level 3!
Something hits you. Something hits you!
* * * LOW HITPOINT WARNING * * *
There is an escape hatch in the floor, spattered with blood here.
A puff of flame appears from out of thin air!
The puff of flame hits you!
You die...

..>.<....# #........#
#........# #........#
#........########
#.....†..'.......
#+#........########
...........######
.......@##......#####
........#######.....#
........# #####.#
.......{# #.# #..
.......># #.# #..
........# #####.#
#... #########.###
#...#.#
#....+(..........#
#.....#
#....##........#.#
#.....#


There were no monsters in sight!

Vanquished Creatures
  A dart slug (D:2)
  4 endoplasms
  A giant cockroach (D:2)
  3 goblins
  2 hobgoblins
  2 jackals (D:1)
  2 kobolds
  A quokka (D:1)
  2 ball pythons (D:2)
  A bat (D:1)
  3 frilled lizards
  5 rats
27 creatures vanquished.

Notes
Turn   | Place    | Note
-------+----------+-------------------------------------------
     0 | D:1      | Pimp the Demonspawn Fighter began the quest for the Orb.
     0 | D:1      | Reached XP level 1. HP: 18/18 MP: 1/1
   405 | D:1      | Gained mutation: Your movements are slightly less
                  | encumbered by armour. (ER -2) [demonic ancestry]
   405 | D:1      | Reached XP level 2. HP: 24/24 MP: 2/2
  1069 | D:2      | Reached XP level 3. HP: 19/29 MP: 3/3
  1144 | D:2      | Noticed Sigmund
  1180 | D:2      | Killed from afar by Sigmund

Illustrated notes

Levels and vault maps discovered:
D:1:      wheals_arrival_linesprint, layout_loops_ring, hangedman_decor_points
D:2:      layout_basic, chequers_serial_rivers_room_a, minmay_diced_spiral,
          uniq_sigmund, uniq_terence

Skill      XL: |  1  2  3 |
---------------+----------+-----
Axes           | 2 |  2.1
Shields        | 3 |  3.0
Fighting       | |  3.3
Armour         | |  2.9
Dodging        | |  0.7

Action                     || total
---------------------------++-------
  Melee: War axe           ||    76
    Use: Scroll            ||     4
 Armour: Scale mail        ||    38
  Dodge: Dodged            ||    38
  Block: Buckler           ||    20

Table legend: (Time is in decaauts)
 A = Elapsed time spent in this place.
 B = Non-inter-level travel time spent in this place.
 C = Inter-level travel time spent in this place.
 D = Time resting spent in this place.
 E = Time spent auto-exploring this place.
 F = Levels seen in this place.
 G = Mean time per level.
                   A        B        C        D        E       F      G
               +--------+--------+--------+--------+--------+-----+--------+
         Total |   1213 |   1165 |     48 |     19 |    898 |   2 |  606.5 |
       Dungeon |   1213 |   1165 |     48 |     19 |    898 |   2 |  606.5 |
               +--------+--------+--------+--------+--------+-----+--------+

Top non-repeatable levels by time:
     D:1: 945 daAuts
     D:2: 268 daAuts
